 Dungeon Crawl Stone Soup version 0.19.0-18-g426998a (webtiles) character file.

60255 Garfong the Earth Mage (level 14, -4/76 HPs)
             Began as a Gargoyle Earth Elementalist on Nov 11, 2016.
             Was a High Priest of Vehumet.
             Slain by a spiny frog (17 damage)
             ... on level 6 of the Lair of Beasts.
             The game lasted 02:10:11 (30430 turns).

Garfong the Earth Mage (GrEE)                      Turns: 30430, Time: 02:10:11

Health: -4/76      AC: 22    Str: 13    XL:     14   Next: 98%
Magic:  4/26       EV: 15    Int: 20    God:    Vehumet [*****.]
Gold:   1427       SH:  5    Dex: 10    Spells: 7 memorised, 12 levels left

rFire  . . .     SeeInvis +     b - 242 stones
rCold  . . .     Gourm    +     O - +1 animal skin
rNeg   + . .     Faith    .     R - +0 buckler
rPois  ∞         Spirit   .     I - +1 helmet {SInv}
rElec  +         Reflect  .     Q - +1 cloak {+Inv}
rCorr  +         Harm     .     (no gloves)
MR     +....                    h - +2 pair of boots
Stlth  ++........               W - amulet of the gourmand
                                u - ring of resist corrosion
                                G - +3 ring of protection

@: flying
A: big wings, low mp 1, negative energy resistance 1, sense surroundings 1,
electricity resistance, unbreathing, petrification resistance, rot immunity, AC
+9
a: Stop Flying, Renounce Religion, Evoke Invisibility


You were on level 6 of the Lair of Beasts.
You worshipped Vehumet.
Vehumet was extremely pleased with you.
You were completely stuffed.

You visited 4 branches of the dungeon, and saw 22 of its levels.
You also visited: Labyrinth and Bailey.

You collected 1841 gold pieces.
You spent 414 gold pieces at shops.

Inventory:

Hand Weapons
 w - a +0 morningstar
Missiles
 b - 242 stones (in hand)
Armour
 h - a +2 pair of boots (worn)
 q - +0 ice dragon scales
 I - a +1 helmet of see invisible (worn)
 O - a +1 animal skin (worn)
 Q - a +1 cloak of invisibility (worn)
 R - a +0 buckler (worn)
Magical Staves
 Y - an uncursed staff of energy
Jewellery
 u - a ring of resist corrosion (right hand)
 x - an uncursed ring of positive energy
 F - a +3 ring of dexterity
 G - a +3 ring of protection (left hand)
 W - an amulet of the gourmand (around neck)
Wands
 v - a wand of random effects (12/48)
 A - a wand of confusion (26/48)
 K - a wand of confusion (21/48)
 L - a wand of enslavement (15/24)
 N - a wand of iceblast (6/15)
 S - a wand of confusion (34/48)
 V - a wand of flame (16/48)
Scrolls
 a - 2 scrolls of enchant armour
 i - 3 scrolls of remove curse
 j - 5 scrolls of identify
 k - a scroll of recharging
 m - 2 scrolls of fear
 n - 4 scrolls of enchant weapon
 o - 3 scrolls of teleportation
 t - 4 scrolls of immolation
 z - a scroll of fog
 D - 3 scrolls of magic mapping
 E - 6 scrolls of amnesia
 Z - a scroll of vulnerability
Potions
 e - 2 potions of magic
 f - a potion of brilliance
 p - 2 potions of lignification
 B - 3 potions of curing
 J - a potion of ambrosia
Books
 c - a book of Alchemy

   Spells                             Type                      Level
   a - Sublimation of Blood           Necromancy                   2
   b - Ignite Poison                  Fire/Transmutation/Poison    3
   c - Petrify                        Transmutation/Earth          4
   d - Alistair's Intoxication        Transmutation/Poison         5
   e - Irradiate                      Conjuration/Transmutation    5
 s - a Young Poisoner's Handbook

   Spells                             Type                      Level
   a - Sting                          Conjuration/Poison           1
   b - Mephitic Cloud                 Conjuration/Poison/Air       3
   c - Olgreb's Toxic Radiance        Poison                       4
   d - Alistair's Intoxication        Transmutation/Poison         5
   e - Venom Bolt                     Conjuration/Poison           5
 y - a book of Debilitation

   Spells                             Type                      Level
   a - Corona                         Hexes                        1
   b - Slow                           Hexes                        2
   c - Gell's Gravitas                Hexes/Translocation          3
   d - Inner Flame                    Hexes/Fire                   3
   e - Cause Fear                     Hexes                        4
   f - Leda's Liquefaction            Hexes/Earth                  4
 H - a book of Necromancy

   Spells                             Type                      Level
   a - Pain                           Necromancy                   1
   b - Animate Skeleton               Necromancy                   1
   c - Vampiric Draining              Necromancy                   3
   d - Regeneration                   Charms/Necromancy            3
   e - Animate Dead                   Necromancy                   4
   f - Control Undead                 Necromancy                   4
 P - a book of Frost

   Spells                             Type                      Level
   a - Freeze                         Ice                          1
   b - Throw Frost                    Conjuration/Ice              2
   c - Ozocubu's Armour               Charms/Ice                   3
   d - Throw Icicle                   Conjuration/Ice              4
   e - Summon Ice Beast               Ice/Summoning                4
 U - a book of Burglary

   Spells                             Type                      Level
   a - Swiftness                      Charms/Air                   2
   b - Passwall                       Transmutation/Earth          2
   c - Passage of Golubria            Translocation                4
   d - Lee's Rapid Deconstruction     Earth                        5
   e - Darkness                       Hexes                        6
   f - Invisibility                   Hexes                        6
 X - the Incunabulum of the Damaging Voyage
   (You found it in a labyrinth)

   Spells                             Type                      Level
   a - Recall                         Summoning/Translocation      3
   b - Sticky Flame                   Conjuration/Fire             4
   c - Bolt of Fire                   Conjuration/Fire             6
   d - Orb of Destruction             Conjuration                  7
Miscellaneous
 M - a lamp of fire
Comestibles
 d - 16 bread rations
 g - 13 meat rations
 l - 12 fruits
 r - 3 chunks of flesh
 C - 3 beef jerkies
 T - 10 royal jellies


   Skills:
 - Level 4.8 Fighting
 - Level 9.0 Maces & Flails
 - Level 7.6 Dodging
 - Level 2.1 Stealth
 - Level 6.2 Shields
 - Level 11.8 Spellcasting
 + Level 10.3 Conjurations
 - Level 0.3 Charms
 - Level 0.7 Transmutations
 - Level 0.1 Air Magic
 + Level 15.1 Earth Magic
 - Level 6.7 Evocations


You had 12 spell levels left.
You knew the following spells:

 Your Spells              Type           Power        Failure   Level  Hunger
a - Sandblast             Erth           ######       0%          1    None
b - Stone Arrow           Conj/Erth      ######       1%          3    None
c - Mephitic Cloud        Conj/Pois/Air  ####....     1%          3    None
d - Petrify               Tmut/Erth      #####...     2%          4    #......
e - Lee's Rapid Deconstr  Erth           ######....   1%          5    ####...
f - Iron Shot             Conj/Erth      ######....   1%          6    ######.
h - Swiftness             Chrm/Air       ##......     10%         2    None


Dungeon Overview and Level Annotations

Branches:
Dungeon (13/15)            Temple (0/1) D:4            Lair (6/6) D:11
  Swamp (1/4) Lair:3        Snake (0/4) Lair:2        Slime (0/5) Lair:5
    Orc (2/2) D:10            Elf (0/3) Orc:2
 Vaults: D:13-14

Altars:
Ashenzari
Cheibriados
Elyvilon
Fedhas
Gozag
Makhleb
Nemelex Xobeh
Qazlal
Sif Muna
Uskayaw
Vehumet
Xom

Shops:
D:4 *   D:8 [   D:9 !   D:10 *   D:11 *   Orc:1 !

Portals:
Trove: D:10 (give 9 potions of agility)

Annotations:
Swamp:1 Astrith's ghost, journeyman DDFi
Orc:2 mg7810's ghost, journeyman MiFi; tyedyeguy's ghost, journeyman MiFi


Innate Abilities, Weirdness & Mutations

You are resistant to torment.
Your stone body is resilient. (AC +9)
You are immune to poison.
Your large and strong wings let you fly indefinitely.
You resist negative energy. (rN+)
You are resistant to electric shocks. (rElec)
You can survive without breathing.
You are immune to petrification.
You are immune to rotting.
Your magical capacity is low. (-10% MP)
You passively map a small area around you.


Message History

Press: ? - help, Shift-Dir - straight line, f/p - black mamba
Aim: a black mamba (heavily wounded, fleeing)
The rocky blast misses the black mamba.
Casting: Sandblast
Confirm with . or Enter, or press ? or * to list all spells.
Aiming: Sandblast
Press: ? - help, Shift-Dir - straight line, f - spiny frog
Aim: a spiny frog The rocky blast hits the spiny frog.
The spiny frog is heavily wounded.
The spiny frog barely misses you.
Casting: Sandblast
Confirm with . or Enter, or press ? or * to list all spells.
Aiming: Sandblast
Press: ? - help, Shift-Dir - straight line, f/p - spiny frog
Aim: a spiny frog (heavily wounded)
The rocky blast hits the spiny frog.
The spiny frog is heavily wounded.
The spiny frog stings you!
You die...

#..........P....##
##............###.
###.†....PS###...
#####.....###.....
##..##............#
#.......##.......##
#.....P.........##.
########..FY.###...P..##.†
##.##.##..@.####....P###...
##.##.###..P.# ###..P##....
#.........P### #..PPP....
#........### ##.÷...P.#
##......## ##...†.#.
#.##P.### ##...#.# #######
#.#..#. ###.... #.....


You could see an elephant and a spiny frog.

Vanquished Creatures
  Gastronok (Lair:3)
  Nessos (Lair:4)
  A minotaur (Lab)
  An ice dragon (D:11)
  4 hydras
  A death knight (D:12)
  Urug (Lair:4)
  The ghost of Carbisari the Ruffian, a novice DrTm of Uskayaw (D:8)
  A skeletal warrior (D:11)
  2 unseen horrors
  2 hill giants
  2 orc knights
  3 oklob plants
  A wolf spider (Lair:6)
  A manticore (D:12)
  A deep elf mage (D:12)
  Joseph (D:8)
  A cyclops (D:8)
  12 black mambas
  2 guardian serpents
  10 elephants
  A torpor snail (Lair:2)
  10 spiny frogs
  A freezing wraith (D:12)
  6 komodo dragons
  A rime drake (D:11)
  The ghost of Wyrmidon the Poker, an amateur NaBe of Trog (D:4)
  5 trolls
  A queen bee (Lair:2)
  A tyrant leech (Lair:3)
  Grinder (D:3)
  A minotaur skeleton (Lab)
  2 hornets
  2 polar bears
  2 slime creatures
  3 dream sheep (Lair:2)
  4 blink frogs
  6 hippogriffs
  A redback (Lair:6)
  2 spriggans
  5 wyverns
  Eustachio (D:5)
  Sigmund (D:2)
  4 basilisks
  44 yaks
  Grum (D:8)
  2 hungry ghosts
  A steam dragon (D:8)
  3 vampire mosquitoes
  5 wargs
  5 swamp worms (Lair:3)
  Duvessa (D:7)
  25 water moccasins
  21 orc warriors
  12 porcupines
  A hornet zombie (D:10)
  2 black bears
  3 sky beasts
  2 phantoms
  8 ice beasts
  8 centaurs
  12 ogres
  21 wolves
  12 crocodiles
  A big kobold (D:9)
  19 bullfrogs
  A wyvern skeleton (D:6)
  5 scorpions
  Dowan (D:7)
  25 killer bees (Lair:2)
  A vampire bat (Lair:4)
  4 wights
  4 howler monkeys
  7 electric eels
  3 crimson imps
  5 jellies
  A centaur zombie (D:10)
  4 hounds
  Crazy Yiuf (D:6)
  A gnoll shaman (D:6)
  10 orc priests
  2 bullfrog skeletons
  An iguana (D:7)
  21 orc wizards
  Ijyb (D:2)
  Natasha (thrice) (D:2)
  A centaur skeleton (Lab)
  16 worker ants
  A hound skeleton (D:6)
  Robin (D:3)
  18 adders
  10 gnolls
  A river rat (Lair:6)
  A shadow imp (D:6)
  6 oozes
  An adder skeleton (D:7)
  4 worms
  7 dart slugs
  6 leopard geckos
  67 orcs
  9 giant cockroaches
  10 goblins (D:3)
  5 hobgoblins
  7 jackals (D:1)
  3 quokkas
  A ball python (D:4)
  14 bats
  3 frilled lizards
  11 kobolds
  A quokka skeleton (D:7)
  13 rats
  A fungus (Lair:5)
640 creatures vanquished.

Vanquished Creatures (others)
  A hound (D:7)
  12 fungi
  32 plants
45 creatures vanquished.

Grand Total: 685 creatures vanquished

Notes
Turn   | Place    | Note
-------+----------+-------------------------------------------
     0 | D:1      | Garfong the Gargoyle Earth Elementalist began the quest for the Orb.
     0 | D:1      | Reached XP level 1. HP: 10/10 MP: 3/3
     1 | D:1      | Found a runed door.
     2 | D:1      | Noticed a jelly
   226 | D:1      | Reached skill level 4 in Earth Magic
   392 | D:1      | Reached XP level 2. HP: 15/15 MP: 1/5
   807 | D:1      | Reached XP level 3. HP: 19/19 MP: 4/6
   860 | D:2      | Noticed Natasha
   868 | D:2      | Killed Natasha
   868 | D:2      | Reached skill level 5 in Earth Magic
   947 | D:2      | Reached XP level 4. HP: 24/24 MP: 2/7
   976 | D:2      | Reached skill level 6 in Earth Magic
  1146 | D:2      | Noticed Sigmund
  1155 | D:2      | Gained mutation: Your large and strong wings let you fly indefinitely. [potion of mutation]
  1155 | D:2      | Gained mutation: You passively map a small area around you. [potion of mutation]
  1155 | D:2      | Gained mutation: Your magical capacity is low. (-10% MP) [potion of mutation]
  1170 | D:2      | Killed Sigmund
  1170 | D:2      | Reached skill level 7 in Earth Magic
  1170 | D:2      | Reached XP level 5. HP: 28/28 MP: 1/7
  1170 | D:2      | Reached XP level 6. HP: 32/32 MP: 1/8
  1393 | D:2      | Noticed Ijyb
  1396 | D:2      | Killed Ijyb
  1396 | D:2      | Reached skill level 8 in Earth Magic
  1548 | D:2      | Found a white marble altar of Elyvilon.
  1632 | D:2      | Noticed Natasha
  1636 | D:2      | Killed Natasha
  1642 | D:2      | Noticed Natasha
  1646 | D:2      | Killed Natasha
  1746 | D:3      | Noticed Grinder
  1758 | D:3      | Killed Grinder
  1758 | D:3      | Reached skill level 9 in Earth Magic
  1758 | D:3      | Reached XP level 7. HP: 32/36 MP: 4/9
  1947 | D:3      | Noticed Robin
  1974 | D:3      | Killed Robin
  2167 | D:3      | Learned a level 3 spell: Stone Arrow
  2173 | D:3      | Learned a level 5 spell: Lee's Rapid Deconstruction
  2200 | D:3      | Reached skill level 10 in Earth Magic
  2325 | D:3      | Found a burning altar of Makhleb.
  2327 | D:3      | Found a shimmering altar of Xom.
  2667 | D:4      | Reached XP level 8. HP: 29/41 MP: 1/9
  2691 | D:3      | Reached skill level 11 in Earth Magic
  2901 | D:4      | Found a radiant altar of Vehumet.
  2902 | D:4      | Noticed Wyrmidon's ghost (amateur NaBe)
  3056 | D:4      | Found Dutis's Serpentskin Sales.
  3098 | D:4      | Reached skill level 5 in Spellcasting
  3138 | D:4      | Became a worshipper of Vehumet
  3738 | D:4      | Killed Wyrmidon's ghost
  3738 | D:4      | Reached XP level 9. HP: 45/45 MP: 1/17
  3885 | D:4      | Found a staircase to the Ecumenical Temple.
  4002 | D:4      | Identified the Reference Book on Creative Black Magic
  4012 | D:5      | Entered Level 5 of the Dungeon
  4365 | D:5      | Found a deep blue altar of Sif Muna.
  4441 | D:5      | Identified Sif Muna's Guide on Sinister Rites
  4449 | D:5      | Learned a level 4 spell: Petrify
  4645 | D:5      | Noticed Eustachio
  4653 | D:5      | Killed Eustachio
  4875 | D:6      | Reached * piety under Vehumet
  4875 | D:6      | Offered knowledge of Flame Tongue by Vehumet.
  5358 | D:6      | Found a shattered altar of Ashenzari.
  5428 | D:6      | Found an opulent altar of Gozag.
  5568 | D:6      | Found a sparkling altar of Nemelex Xobeh.
  5569 | D:6      | Found a white marble altar of Elyvilon.
  5794 | D:6      | Found a runed door.
  5827 | D:6      | Noticed Crazy Yiuf
  5830 | D:6      | Killed Crazy Yiuf
  6110 | D:7      | Reached XP level 10. HP: 50/50 MP: 15/21
  6206 | D:7      | Found a stormy altar of Qazlal.
  6533 | D:7      | Reached skill level 1 in Fighting
  6692 | D:7      | Noticed Duvessa
  6693 | D:7      | Noticed Dowan
  6693 | D:7      | Killed Dowan
  6698 | D:7      | Killed Duvessa
  6921 | D:7      | Found a snail-covered altar of Cheibriados.
  7087 | D:8      | Noticed Carbisari's ghost (novice DrTm)
  7133 | D:8      | Reached ** piety under Vehumet
  7227 | D:8      | Offered knowledge of Throw Flame by Vehumet.
  7281 | D:8      | Noticed Grum
  7286 | D:8      | Killed Grum
  7371 | D:8      | Noticed Joseph
  7403 | D:8      | Killed Joseph
  7637 | D:8      | Noticed a cyclops
  7673 | D:8      | Killed a cyclops
  7673 | D:8      | Reached skill level 5 in Dodging
  7817 | D:8      | Found a hide-covered altar of Uskayaw.
  7970 | D:8      | Found Erghuprelab's Antique Armour Emporium.
  8037 | D:8      | Found a blossoming altar of Fedhas.
  8693 | D:9      | Killed an unseen horror
  8693 | D:9      | Reached XP level 11. HP: 55/62 MP: 14/22
  9222 | D:9      | Found Faohir's Distillery.
  9240 | D:9      | Bought a potion of heal wounds for 80 gold pieces
  9302 | D:9      | Offered knowledge of Mephitic Cloud by Vehumet.
  9421 | D:9      | Learned a level 3 spell: Mephitic Cloud
  9515 | D:10     | Entered Level 10 of the Dungeon
  9526 | D:10     | Reached skill level 1 in Conjurations
  9655 | D:10     | Reached *** piety under Vehumet
  9740 | D:10     | Found Zidat's General Store.
  9834 | D:10     | Bought a +1 cloak of invisibility for 198 gold pieces
  9834 | D:10     | Bought a scroll of identify for 24 gold pieces
 10169 | D:10     | Reached skill level 1 in Shields
 10197 | D:10     | Offered knowledge of Airstrike by Vehumet.
 10362 | D:10     | Found a staircase to the Orcish Mines.
 10950 | D:10     | Found a portal to a secret trove of treasure.
 11186 | D:11     | Found a labyrinth entrance.
 11195 | Lab      | Entered a labyrinth
 11436 | Lab      | Reached **** piety under Vehumet
 11523 | Lab      | Noticed a minotaur
 11590 | Lab      | Killed a minotaur
 11590 | Lab      | Reached skill level 5 in Shields
 11633 | Lab      | Identified the Incunabulum of the Damaging Voyage
 11772 | D:11     | Learned a level 2 spell: Swiftness
 11837 | D:11     | Noticed an ice dragon
 12218 | Orc:1    | Entered Level 1 of the Orcish Mines
 12221 | Orc:1    | Found Zerphaur's Distillery.
 12228 | Orc:1    | Bought a potion of magic for 112 gold pieces
 12532 | Orc:1    | Noticed an orc knight
 12649 | D:11     | Found Ihypt's Assorted Antiques.
 12704 | D:11     | Found a staircase to the Lair.
 12719 | D:11     | Reached skill level 12 in Earth Magic
 13111 | D:11     | Offered knowledge of Lightning Bolt by Vehumet.
 13255 | D:11     | Reached skill level 10 in Spellcasting
 13565 | D:9      | Reached XP level 12. HP: 68/68 MP: 18/23
 13664 | D:8      | Killed Carbisari's ghost
 14236 | D:11     | HP: 1/68 [ice dragon/blast of cold (38)]
 14881 | Lair:1   | Entered Level 1 of the Lair of Beasts
 15395 | Lair:1   | Reached skill level 1 in Evocations
 15528 | Lair:1   | Reached skill level 1 in Maces & Flails
 16331 | Lair:2   | Got a crude broad axe
 16332 | Lair:2   | Identified the cursed +2 broad axe of the Equator {freeze, *Contam +Blink MR- Int+9} (You found it on level 2 of the Lair of Beasts)
 16555 | Lair:2   | Found a staircase to the Snake Pit.
 16829 | Lair:1   | Reached skill level 5 in Maces & Flails
 17750 | Lair:2   | Reached ***** piety under Vehumet
 18233 | Lair:3   | Noticed Gastronok
 18234 | Lair:3   | Offered knowledge of Olgreb's Toxic Radiance by Vehumet.
 18374 | Lair:2   | Reached XP level 13. HP: 72/72 MP: 12/25
 19356 | Lair:4   | Reached skill level 5 in Conjurations
 19604 | Lair:4   | Reached skill level 13 in Earth Magic
 19630 | Lair:4   | Noticed Nessos
 20293 | D:12     | Found a flagged portal.
 20310 | Bailey   | Entered a bailey
 21023 | D:12     | Reached skill level 14 in Earth Magic
 21026 | D:12     | Offered knowledge of Throw Icicle by Vehumet.
 21211 | D:12     | Noticed a storm dragon
 22280 | D:11     | Killed an ice dragon
 22945 | Orc:1    | Mutation became permanent: Your large and strong wings let you fly indefinitely. [Gargoyle growth]
 22945 | Orc:1    | Reached XP level 14. HP: 67/76 MP: 10/26
 23182 | Orc:2    | Entered Level 2 of the Orcish Mines
 23182 | Orc:2    | Noticed tyedyeguy's ghost (journeyman MiFi)
 23739 | Lair:3   | Killed Gastronok
 23847 | Lair:3   | Found a staircase to the Swamp.
 24748 | Lair:4   | Killed Nessos
 24981 | Lair:4   | Noticed Urug
 24990 | Lair:4   | Killed Urug
 25674 | Lair:5   | Reached skill level 10 in Conjurations
 25815 | Lair:5   | Found a staircase to the Slime Pits.
 27285 | Lair:6   | Entered Level 6 of the Lair of Beasts
 27684 | Orc:2    | Found a staircase to the Elven Halls.
 27736 | Orc:2    | Noticed mg7810's ghost (journeyman MiFi)
 28588 | Swamp:1  | Entered Level 1 of the Swamp
 28908 | Swamp:1  | Noticed Astrith's ghost (journeyman DDFi)
 29410 | Lair:6   | Reached skill level 15 in Earth Magic
 29538 | Lair:6   | Reached skill level 5 in Evocations
 29920 | Lair:6   | Offered knowledge of Iron Shot by Vehumet.
 29940 | Lair:6   | Learned a level 6 spell: Iron Shot
 30430 | Lair:6   | Slain by a spiny frog

Skill      XL: |  1  2  3  4  5  6  7  8  9 10 11 12 13 14 |
---------------+-------------------------------------------+-----
Earth Magic    | 4 5 7 9 10 11 12 14 15 | 15.1
Spellcasting   | 7 9 10 11 | 11.8
Fighting       | 4 |  4.8
Dodging        | 7 |  7.6
Conjurations   | 2 7 10 | 10.3
Shields        | 6 |  6.2
Evocations     | 1 4 6 |  6.7
Maces & Flails | 8 9 |  9.0
Stealth        | |  2.1
Charms         | |  0.3
Transmutations | |  0.7
Air Magic      | |  0.1

Action                   |  1- 3 |  4- 6 |  7- 9 | 10-12 | 13-15 || total
-------------------------+-------+-------+-------+-------+-------++-------
Melee: Unarmed           |     1 |       |       |       |       ||     1
       Morningstar       |       |       |     5 |    78 |   275 ||   358
 Cast: Sandblast         |    37 |    39 |   135 |   139 |    78 ||   428
       Stone Arrow       |       |       |    37 |   265 |   360 ||   662
       Lee's Rapid Decon |       |       |    15 |    64 |    47 ||   126
       Mephitic Cloud    |       |       |       |    22 |    36 ||    58
       Swiftness         |       |       |       |     1 |       ||     1
       Petrify           |       |       |       |       |     3 ||     3
       Iron Shot         |       |       |       |       |     6 ||     6
 Abil: Fly               |       |       |     1 |       |     1 ||     2
       Stop Flying       |       |       |       |       |     1 ||     1
Evoke: Wand              |       |       |       |     6 |    10 ||    16
       Lamp of fire      |       |       |       |     1 |     1 ||     2
       Staff of energy   |       |       |       |       |    10 ||    10
  Use: Potion            |       |     3 |       |     4 |     2 ||     9
       Scroll            |       |       |     9 |    19 |     7 ||    35
 Stab: Confused          |       |       |       |     3 |    10 ||    13
       Paralysed         |       |       |       |     1 |       ||     1
       Distracted        |       |       |       |       |     1 ||     1
       Invisible         |       |       |       |       |     1 ||     1
  Eat: Chunk             |     1 |     3 |    18 |    46 |    48 ||   116
       Beef jerky        |       |       |       |     4 |       ||     4
       Meat ration       |       |       |       |     1 |       ||     1
       Pizza             |       |       |       |     1 |       ||     1
Armor: Robe              |     6 |     2 |     2 |       |       ||    10
       Skin              |       |     4 |       |       |       ||     4
       Animal skin       |       |       |    20 |   106 |   195 ||   321
Dodge: Dodged            |    19 |     7 |    41 |   177 |   355 ||   599
Block: Buckler           |       |       |       |    38 |   100 ||   138
